 Dungeon Crawl Stone Soup version 0.31-a0-217-g58bb5d79cf (webtiles) character file.

Game seed: 2416278386327559671

86 qw the Shooter (level 4, -2/36 HPs)
             Began as a Minotaur Hexslinger on July 2, 2023.
             Slain by a cerulean imp
             ... wielding a +0 spear
             ... summoned by Natasha
              (4 damage)
             ... on level 2 of the Dungeon.
             The game lasted 00:00:34 (1437 turns).

qw the Shooter (Minotaur Hexslinger)                Turns: 1437, Time: 00:00:34

Health: -2/36      AC:  3    Str: 11    XL:     4   Next: 27%
Magic:  4/4        EV: 10    Int: 14    God:
Gold:   146        SH:  0    Dex: 14    Spells: 4/5 levels left

rFire   . . .        Y - +1 sling
rCold   . . .        (no shield)
rNeg    . . .        g - +0 ring mail
rPois   .            (helmet restricted)
rElec   .            (no cloak)
rCorr   .            d - +0 pair of gloves
SInv    .            (no boots)
Will    .....        (no amulet)
Stlth   +            (no ring)
HPRegen 0.26/turn    (no ring)
MPRegen 0.09/turn

%: no passive effects
@: no status effects
A: horns 2, retaliatory headbutt, clever 1, deformed body
a: no special abilities


You were on level 2 of the Dungeon.
You visited 1 branch of the dungeon, and saw 2 of its levels.

You collected 146 gold pieces.


Innate Abilities, Weirdness & Mutations

You have a pair of horns on your head.
You reflexively headbutt those who attack you in melee.
Your mind is acute. (Int +4, Str/Dex -1)
Armour fits poorly on your strangely shaped body.


   Skills:
 - Level 2.0 Fighting
 + Level 4.6 Ranged Weapons
 - Level 1.1 Armour
 - Level 2.1 Dodging
 - Level 1.0 Spellcasting
 - Level 2.0 Hexes


You had 4 spell levels left.
You knew the following spells:

 Your Spells              Type           Power      Damage    Failure   Level
a - Slow                  Hex            24%        N/A       26%         1

Your spell library contained the following spells:

 Spells                   Type           Power      Damage    Failure   Level
 Inner Flame              Hex/Fire       3%         N/A       77%         3
 Portal Projectile        Hex/Tloc       6%         N/A       77%         3
 Cause Fear               Hex            3%         N/A       95%         4

Inventory:

Hand Weapons
 Y - a +1 sling (weapon)
Armour
 d - a +0 pair of gloves (worn)
 g - a +0 ring mail (worn)
Scrolls
 a - a scroll of identify
 f - a scroll of acquirement {unknown}
Potions
 b - a potion of attraction {unknown}
 c - a potion of resistance {unknown}
 e - 2 potions of mutation
 h - a potion of haste {unknown}
 i - a potion of might {unknown}

Dungeon Overview and Level Annotations

Branches:
Dungeon (2/15)

Altars:
Ru

Shops:
D:1 [   D:2 (

Annotations:
D:2 Natasha


Message History

Enter note:
Enter note:
Enter note: You shoot a sling bullet.
The sling bullet hits Natasha!
Natasha is heavily wounded.
You shoot a sling bullet.
The sling bullet closely misses Natasha.
Natasha wildly gestures.
Natasha glows brightly for a moment.
Natasha zaps a wand.
The puff of flame hits you!
1429 ||| FLEEEEING.
Natasha casts a spell at you. The magic dart hits you.
1430 ||| FLEEEEING.
1431 ||| FLEEEEING.
You shoot a sling bullet.
The sling bullet hits the cerulean imp but does no damage.
Natasha howls an incantation.
You feel disoriented.
Natasha zaps a wand.
The puff of flame hits you!
You shoot a sling bullet.
The sling bullet hits the cerulean imp but does no damage.
The cerulean imp hits you from afar with a +0 spear.
You shoot a sling bullet.
The sling bullet closely misses the cerulean imp.
The cerulean imp closely misses you.
You shoot a sling bullet.
The sling bullet misses the cerulean imp.
Natasha zaps a wand.
The puff of flame hits you. The cerulean imp barely misses you.
Natasha zaps a wand.
The puff of flame hits you. The cerulean imp closely misses you.
You shoot a sling bullet. The sling bullet hits the cerulean imp.
The cerulean imp is lightly wounded.
Natasha stares at you and mumbles some strange words.
The magic dart hits you. The cerulean imp barely misses you.
You shoot a sling bullet.
The sling bullet hits the cerulean imp but does no damage.
The cerulean imp is lightly wounded.
The cerulean imp hits you from afar with a +0 spear.
You die...

##.#####..#.#.#.# ...#
#^............#.#
#...##
.................
.....##
#.######..#####..
....... #%# #..#
##.....# #.# #..#
##.....# #.# #..#
##h5...## #.# #..#
#..)....# #.# ####..#
##@.....##
#.###.....#####.#.....#
...............###....#
##.#...#.######.#.#####
##.#...#.# #.#
##.#...#.## .#
#.#.....%.# #
.###......# #.#.......#


You could see Natasha and a cerulean imp (summoned).

Vanquished Creatures
  5 adders (D:2)
  A dart slug (D:2)
  4 endoplasms
  4 giant cockroaches
  4 hobgoblins (D:1)
  4 jackals (D:2)
  3 quokkas
  3 ball pythons
  4 bats (D:1)
  A frilled lizard (D:2)
  A goblin (D:1)
  2 kobolds
  2 rats
38 creatures vanquished.

Notes
Turn   | Place    | Note
-------+----------+-------------------------------------------
     0 | D:1      | qw the Minotaur Hexslinger began the quest for the Orb.
     0 | D:1      | Reached XP level 1. HP: 16/16 MP: 1/1
     0 | D:1      | 0 ||| qw: Version: 0.3-a-40-ge99b1a8
     0 | D:1      | 0 ||| qw: Game counter: 7994
     0 | D:1      | 0 ||| qw: Melee chars always use a shield: true
     0 | D:1      | 0 ||| qw: God list: Okawaru
     0 | D:1      | 0 ||| qw: Allow faded altars: false
     0 | D:1      | 0 ||| qw: Do Orc after clearing Dungeon:15 true
     0 | D:1      | 0 ||| qw: Do second Lair branch before Depths: true
     0 | D:1      | 0 ||| qw: Lair rune preference: random
     0 | D:1      | 0 ||| qw: Goals: Normal
     0 | D:1      | 0 ||| PLANNING D:1-11
   115 | D:1      | Reached skill level 3 in Ranged Weapons
   115 | D:1      | Reached XP level 2. HP: 22/23 MP: 2/2
   269 | D:1      | Found Qomuc's Antique Armour Boutique.
   286 | D:1      | 286 ||| UPGRADING to +0 pair of gloves.
   291 | D:1      | 291 ||| UPGRADING to +0 ring mail.
   301 | D:1      | 301 ||| DROPPING +0 robe.
   302 | D:1      | 302 ||| READING scroll labelled SUISOL UNOMIPS.
   303 | D:1      | 303 ||| DRINKING 2 black potions.
   303 | D:1      | Gained mutation: Armour fits poorly on your strangely
                  | shaped body. [potion of mutation]
   303 | D:1      | Gained mutation: Your mind is acute. (Int +4, Str/Dex -1)
                  | [potion of mutation]
   304 | D:1      | 304 ||| DRINKING 2 smoky orange potions.
   314 | D:1      | 314 ||| DROPPING scroll of poison.
   315 | D:1      | 315 ||| DROPPING potion of ambrosia.
   351 | D:1      | 351 ||| SHOPLISTING +0 mask of the Dragon {Will+ Slay+3
                  | SInv} (1002 gold, have 78).
   351 | D:1      | 351 ||| SHOPLISTING runed leather armour (150 gold, have
                  | 78).
   351 | D:1      | 351 ||| SHOPLISTING runed ring mail (210 gold, have 78).
   817 | D:1      | 817 ||| READING scroll labelled GANYAN AZOESTU.
   860 | D:2      | Found Inwal's Weapon Shop.
   868 | D:2      | Reached XP level 3. HP: 25/29 MP: 3/3
   992 | D:2      | Reached skill level 4 in Ranged Weapons
   994 | D:2      | Reached skill level 1 in Armour
  1020 | D:2      | Identified the +3 spear "Jurriume" {drain, rF+}
  1273 | D:2      | Found a sacrificial altar of Ru.
  1281 | D:2      | Reached XP level 4. HP: 36/36 MP: 4/4
  1426 | D:2      | Noticed Natasha
  1429 | D:2      | 1429 ||| FLEEEEING.
  1430 | D:2      | 1430 ||| FLEEEEING.
  1431 | D:2      | 1431 ||| FLEEEEING.
  1435 | D:2      | HP: 5/36 [Natasha/puff of flame (6)]
  1436 | D:2      | HP: 2/36 [Natasha/magic dart (4)]
  1437 | D:2      | Slain by a cerulean imp

Levels and vault maps discovered:
D:1:      kennysheep_arrival_forest, layout_basic, serial_shops,
          nicolae_shop_gibbet_a_chance, chequers_mini_garden,
          grunt_decor_one_mirror, minmay_stone_trees_small
D:2:      layout_loops_ring, serial_shops, shop, basic_altar, uniq_natasha

Skill      XL: |  1  2  3 |
---------------+----------+-----
Ranged Weapons | 3 4 |  4.6
Fighting       | 2 |  2.0
Armour         | 1 |  1.1
Dodging        | |  2.1
Spellcasting   | |  1.0
Hexes          | |  2.0

Action                     |  1- 3 |  4- 6 || total
---------------------------+-------+-------++-------
   Fire: Sling             |   103 |    20 ||   123
    Use: Scroll            |     2 |       ||     2
         Potion            |     2 |       ||     2
 Armour: Robe              |     4 |       ||     4
         Ring mail         |     5 |       ||     5
  Dodge: Dodged            |    33 |     4 ||    37

Table legend:
 A = Non-vault XP
 B = Vault XP
 C = Vault XP percentage of total XP
 D = Non-vault monster count
 E = Vault monster count
 F = Vault count percentage of total count
                 A         B        C        D         E       F
            +---------+---------+-------+---------+---------+-------
      Total |     124 |       0 |   0.0 |      38 |       0 |   0.0
            +---------+---------+-------+---------+---------+-------
        D:1 |      32 |       0 |   0.0 |      19 |       0 |   0.0
        D:2 |      92 |       0 |   0.0 |      19 |       0 |   0.0
            +---------+---------+-------+---------+---------+-------
